Map: Vallée des cactus EC

Players

TossPunisher - Winner!

  • Race: Protoss Protoss

AgCl

  • Race: Protoss Protoss

VOD

Have the link to the VOD?

Description

Time

  • Played on: May 22, 2015, 2:46 a.m.
  • Length: 6:29
Show
View Real Time Build Order
Export as new Build Order

TossPunisher Protoss - Winner!

Build Orders:  

Get SALT Encoding   

  12  0:01  Probe  
  13  0:15  Pylon  
  13  0:18  Probe  
  14  0:34  Probe (Chrono Boost)  
  15  0:38  Gateway  
  16  0:44  Probe (Chrono Boost)  
  16  0:51  Probe  
  16  0:52  Assimilator  
  17  1:03  Probe (Chrono Boost)  
  18  1:05  Assimilator  
  18  1:15  Probe (Chrono Boost)  
  19  1:22  Probe (Chrono Boost)  
  19  1:23  Pylon  
  20  1:25  Cybernetics Core  
  21  1:32  Probe (Chrono Boost)  
  21  1:44  Probe (Chrono Boost)  
  22  1:50  Probe (Chrono Boost)  
  23  2:02  Probe  
  24  2:09  Nexus  
  24  2:11  Warp Gate  
  24  2:12  Stalker  
  26  2:22  Mothership Core, Pylon  
  28  2:42  Adept  
  28  2:43  Probe  
  31  2:44  Robotics Facility  
  31  2:55  Probe  
  32  3:07  Probe  
  32  3:10  Gateway  
  32  3:11  Gateway  
  34  3:20  Probe (Chrono Boost)  
  34  3:22  Probe (Chrono Boost)  
  35  3:27  Sentry  
  35  3:31  Probe (Chrono Boost)  
  35  3:32  Observer (Chrono Boost)  
  39  3:36  Probe (Chrono Boost)  
  39  3:37  Probe (Chrono Boost)  
  39  3:41  Pylon  
  41  3:46  Probe  
  42  3:49  Probe  
  43  3:55  Stalker (Chrono Boost)  
  43  3:56  Immortal (Chrono Boost)  
  49  4:17  Probe  
  49  4:18  Probe  
  51  4:28  Stalker x2  
  55  4:34  Observer  
  56  4:41  Stalker  
  56  4:42  Probe x2  
  60  4:53  Pylon  
  60  4:58  Nexus  
  60  4:59  Pylon  
  60  5:00  Pylon  
  60  5:11  Immortal  
  60  5:12  Stalker  
  60  5:13  Stalker  
  67  5:20  Stalker  
  70  5:21  Probe x2  
  71  5:33  Probe x2  
  73  5:37  Zealot x2  
  76  5:43  Stalker  
  76  5:45  Probe x2  
  80  5:50  Immortal  
  83  5:57  Probe  
  83  6:00  Stalker  
  83  6:02  Stalker  
  81  6:17  Stalker  
  79  6:19  Probe x2 (Chrono Boost)  
  79  6:20  Probe (Chrono Boost)  
Show
View Real Time Build Order
Export as new Build Order

AgCl Protoss 

Build Orders: 1 Gate Expand, Oracle Opening, Oracle Opening 

Get SALT Encoding   

  12  0:02  Probe  
  13  0:18  Probe  
  14  0:22  Pylon  
  14  0:36  Assimilator  
  14  0:40  Probe (Chrono Boost)  
  15  0:48  Gateway  
  15  0:52  Probe (Chrono Boost)  
  16  1:02  Probe (Chrono Boost)  
  17  1:09  Probe (Chrono Boost)  
  18  1:21  Probe (Chrono Boost)  
  19  1:30  Probe (Chrono Boost)  
  20  1:38  Nexus  
  20  1:42  Probe  
  21  1:53  Cybernetics Core  
  21  1:55  Probe  
  22  2:13  Pylon  
  22  2:16  Assimilator  
  22  2:25  Pylon  
  22  2:32  Mothership Core (Chrono Boost)  
  24  2:49  Probe (Chrono Boost)  
  25  2:52  Probe (Chrono Boost), Pylon  
  25  2:57  Stargate  
  27  3:00  Probe (Chrono Boost)  
  27  3:03  Probe (Chrono Boost)  
  28  3:08  Probe (Chrono Boost)  
  28  3:11  Probe (Chrono Boost)  
  30  3:15  Probe (Chrono Boost)  
  31  3:20  Pylon  
  33  3:27  Probe x2 (Chrono Boost)  
  33  3:29  Robotics Facility  
  35  3:34  Probe (Chrono Boost)  
  35  3:35  Probe (Chrono Boost)  
  35  3:38  Warp Gate (Chrono Boost)  
  34  3:47  Oracle (Chrono Boost)  
  37  3:52  Probe x2 (Chrono Boost)  
  37  3:55  Stalker (Chrono Boost)  
  41  4:00  Assimilator  
  43  4:04  Probe (Chrono Boost)  
  43  4:07  Probe (Chrono Boost)  
  43  4:10  Probe (Chrono Boost)  
  43  4:14  Probe  
  45  4:17  Gateway  
  45  4:18  Pylon  
  45  4:21  Probe  
  45  4:23  Stalker  
  48  4:26  Probe  
  49  4:34  Probe (Chrono Boost)  
  49  4:36  Immortal (Chrono Boost)  
  55  4:41  Probe (Chrono Boost)  
  56  4:45  Assimilator  
  56  4:46  Probe (Chrono Boost)  
  57  4:54  Probe x2 (Chrono Boost)  
  57  4:59  Gateway  
  58  5:00  Pylon  
  58  5:01  Gateway  
  58  5:06  Probe  
  59  5:09  Observer (Chrono Boost)  
  59  5:10  Probe  
  61  5:18  Probe  
  62  5:22  Probe, Void Ray (Chrono Boost)  
  69  5:29  Immortal (Chrono Boost)  
  69  5:30  Probe  
  69  5:35  Probe, Zealot  
  72  5:44  Gateway  
  72  5:45  Probe (Chrono Boost)  
  72  5:49  Probe (Chrono Boost)  
  72  5:58  Probe (Chrono Boost)  
  66  6:13  Zealot x2  
  66  6:14  Zealot  
Tags
 
Add a new tag
Caveats
  • Supply blocks, unpowered buildings, or Contaminate may cause inaccurate times.
  • Supply counts are checked every 10 seconds.